 Dungeon Crawl Stone Soup version 0.29.1-15-g9cfb28693d (webtiles) character file.

Game seed: 1209118184623952413

2354 croobank the Grappler (level 9, -6/89 HPs)
             Began as a Troll Fighter on Apr 22, 2023.
             Was an Initiate of Wu Jian.
             Mangled by Joseph
             ... wielding a +0 quarterstaff
              (8 damage)
             ... on level 7 of the Dungeon.
             The game lasted 00:12:23 (5334 turns).

croobank the Grappler (Troll Fighter)               Turns: 5334, Time: 00:12:24

Health: -6/89      AC:  7    Str: 26    XL:     9   Next: 20%
Magic:  8/8        EV:  8    Int:  8    God:    Wu Jian [......]
Gold:   402        SH:  8    Dex:  9    Spells: 8/8 levels left

rFire   + . .      SeeInvis .     - Unarmed
rCold   + . .      Faith    .   b - +0 kite shield
rNeg    . . .      Spirit   .   P - +0 steam dragon scales
rPois   .          Reflect  .   (helmet restricted)
rElec   .          Harm     .   F - scarf {rC+ rF+}
rCorr   .          Rampage  .   (gloves unavailable)
Will    +....                   (boots unavailable)
Stlth   +.........              (no amulet)
HPRegen 1.04/turn               i - ring of willpower
MPRegen 0.11/turn               (no ring)

@: mighty
A: large, unfitting armour, claws 3, regeneration 1, shaggy fur 1, tough skin 1
a: Renounce Religion


You were on level 7 of the Dungeon.
You worshipped Wu Jian.
Wu Jian was noncommittal.
You visited 2 branches of the dungeon, and saw 8 of its levels.
You also visited: Sewer.

You collected 402 gold pieces.

Inventory:

Hand Weapons
 j - a +0 dagger of venom
 p - the +4 dagger "Morg" {pain, Will+ Int+5}
   (You found it on level 2 of the Dungeon)

   In the hands of one skilled in necromantic magic, it inflicts extra damage on
   living creatures.
   Int:       It affects your intelligence (+5).
   Will:      It increases your willpower.
 q - a +0 morningstar
 u - a +0 spectral quarterstaff
 G - the +10 great sword "Qousm" {vorpal, rF+ Int+4}
   (You found it on level 5 of the Dungeon)

   It inflicts extra damage upon your enemies.
   Int:       It affects your intelligence (+4).
   rF:        It protects you from fire.
 J - a +0 falchion
 O - a +0 scimitar
Missiles
 f - 4 large rocks (quivered)
 h - 11 poisoned darts
 k - 4 silver javelins
 l - 8 atropa-tipped darts
 y - a curare-tipped dart
 C - 8 boomerangs
Armour
 b - a +0 kite shield (worn)
 t - a +0 cloak
 F - a scarf of resistance (worn)
 K - a +0 leather armour
 P - +0 steam dragon scales (worn)
Magical Staves
 g - a staff of air
Jewellery
 i - a ring of willpower (left claw)
 w - a ring of fire
Wands
 m - a wand of flame (10)
 v - a wand of light (21)
 I - a wand of charming (5)
Scrolls
 e - 2 scrolls of poison
 B - 2 scrolls of summoning
 D - 2 scrolls of immolation
 E - a scroll of vulnerability {unknown}
 L - a scroll of enchant armour {unknown}
 M - a scroll of identify
 N - a scroll of fog {unknown}
Potions
 c - 2 potions of might
 d - 4 potions of haste
 n - 2 potions of mutation
 o - 4 potions of heal wounds
 r - a potion of cancellation {unknown}
 s - a potion of lignification {unknown}
 x - a potion of magic {unknown}
 z - 2 potions of flight
 A - 2 potions of curing
 H - a potion of attraction {unknown}


   Skills:
 + Level 5.7 Fighting
 - Level 2.4 Dodging
 + Level 6.2 Shields
 * Level 9.0 Unarmed Combat


You had 8 spell levels left.
You didn't know any spells.
Your spell library contained the following spells:

 Spells                   Type           Power      Damage    Failure   Level
 Magic Dart               Conj           0%         1d3       67%         1
 Call Imp                 Summ           0%         N/A       80%         2
 Searing Ray              Conj           0%         2d4       80%         2
 Call Canine Familiar     Summ           0%         N/A       95%         3
 Mephitic Cloud           Conj/Pois/Air  0%         N/A       95%         3
 Portal Projectile        Hex/Tloc       0%         N/A       95%         3
 Fulminant Prism          Conj/Hex       0%         3d6       100%        4
 Leda's Liquefaction      Hex/Erth       0%         N/A       100%        4


Dungeon Overview and Level Annotations

Branches:
Dungeon (7/15)             Temple (1/1) D:6           Sewer (visited)

Altars:
Ashenzari
Cheibriados
Dithmenos
Elyvilon
Gozag
Hepliaklqana
Okawaru
Qazlal
Ru
Sif Muna
Trog
Uskayaw
Vehumet
Wu Jian
Xom
Yredelemnul
Zin
The Shining One

Shops:
D:3 *

Annotations:
D:7 Joseph


Innate Abilities, Weirdness & Mutations

You are too large for most types of armour.
You have claws for hands.
Your natural rate of healing is unusually fast.
You are covered in fur. (AC +1)
You have tough skin. (AC +1)


Message History

The hound bites you but does no damage. You block Joseph's attack.
The steam dragon bites you but does no damage.
The steam dragon claws you but does no damage.
You barely miss Joseph.
Joseph is heavily wounded.
The hound bites you but does no damage. The steam dragon breathes steam at you.
The ball of steam hits you. You resist. Joseph hits you with a +0 quarterstaff.
* * * LOW HITPOINT WARNING * * *
The hound bites you.
* * * LOW HITPOINT WARNING * * *
You hear a croak.
You mangle Joseph!!
Joseph is almost dead.
The hound barely misses you. The steam dragon bites you.
* * * LOW HITPOINT WARNING * * *
You block the steam dragon's attack.
Joseph grins evilly.
Joseph misses you.
You closely miss Joseph.
Joseph is almost dead.
The hound bites you.
* * * LOW HITPOINT WARNING * * *
You block the steam dragon's attack.
The steam dragon claws you but does no damage.
You block Joseph's attack. The hound barely misses you.
You closely miss Joseph.
Joseph is almost dead.
The hound is engulfed in a cloud of scalding steam.
The hound completely misses you. Joseph hits you with a +0 quarterstaff!
* * * LOW HITPOINT WARNING * * *
You block the steam dragon's attack. The steam dragon claws you.
* * * LOW HITPOINT WARNING * * *
Okay, then.
The steam dragon attacks as you move away!
The steam dragon bites you.
* * * LOW HITPOINT WARNING * * *
You block the steam dragon's attack. Joseph attacks as you move away!
Joseph hits you with a +0 quarterstaff!
You die...

..# ..#. .#. #. ...#
#... ... #..#..#.. ..#
8...8#..### ###..#
####.####.$#.#.#..#
##.......##.......#
##.........##.h@D.#
##..<.....#..###@###...
...[......#....§........
..##......#...§#........
. ##.......§§§#........
#........§#...##....[
#.........#§####.. #....
#.......#.### ...# ....
###....##..# ..... ...
##...#).... ....


You could see Joseph, a steam dragon (catching breath) and a hound.

Vanquished Creatures
  Maggie (D:7)
  Grinder (D:4)
  3 ice beasts
  2 ogres
  A phantom (D:5)
  3 kobold brigands
  2 bullfrogs
  A gnoll sergeant (D:5)
  2 necrophages
  A scorpion (D:4)
  A howler monkey (D:6)
  3 orc priests (D:5)
  2 hounds
  A jelly (D:6)
  5 iguanas
  3 orc wizards
  10 gnolls
  10 adders
  A white imp (D:6)
  An ufetubus (D:6)
  3 worms
  A dart slug (D:2)
  12 orcs
  9 ball pythons
  5 endoplasms
  3 giant cockroaches
  8 goblins
  8 hobgoblins
  3 quokkas
  2 bats
  5 frilled lizards
  15 kobolds
  10 rats
138 creatures vanquished.

Vanquished Creatures (collateral kills)
  An adder (D:5)
1 creature vanquished.

Vanquished Creatures (others)
  A kobold brigand (D:7)
  A shadow imp (D:7)
  A hobgoblin (D:3)
3 creatures vanquished.

Grand Total: 142 creatures vanquished

Notes
Turn   | Place    | Note
-------+----------+-------------------------------------------
     0 | D:1      | croobank the Troll Fighter began the quest for the Orb.
     0 | D:1      | Reached XP level 1. HP: 22/22 MP: 0/0
   183 | D:1      | Reached XP level 2. HP: 29/29 MP: 1/1
   184 | D:1      | Found a faded altar of an unknown god.
   637 | D:2      | Reached XP level 3. HP: 36/36 MP: 2/2
   662 | D:2      | Reached skill level 3 in Unarmed Combat
   968 | D:2      | Reached XP level 4. HP: 44/44 MP: 3/3
  1120 | D:2      | Found the +4 dagger "Morg" {pain, Will+ Int+5}
  1721 | D:3      | Found Zin's Purification Station.
  1727 | D:3      | Found a glowing silver altar of Zin.
  2143 | D:4      | Noticed a necrophage
  2148 | D:4      | Reached skill level 4 in Unarmed Combat
  2148 | D:4      | Reached XP level 5. HP: 41/53 MP: 4/4
  2179 | D:4      | Reached XP level 6. HP: 61/61 MP: 5/5
  2202 | D:4      | Reached skill level 5 in Unarmed Combat
  2217 | D:4      | Noticed Grinder
  2224 | D:4      | Paralysed by Grinder for 3 turns
  2227 | D:4      | Killed Grinder
  2228 | D:4      | Reached XP level 7. HP: 55/68 MP: 6/6
  2598 | D:4      | Found a glowing drain.
  2602 | Sewer    | Entered a sewer
  2674 | Sewer    | Reached skill level 6 in Unarmed Combat
  2719 | Sewer    | Found a glowing silver altar of Zin.
  3076 | D:5      | Entered Level 5 of the Dungeon
  3229 | D:5      | Reached skill level 5 in Shields
  3233 | D:5      | Identified the +10 great sword "Qousm" {vorpal, rF+ Int+4}
  3363 | D:5      | Found a broken altar of Ashenzari.
  3367 | D:5      | Found a stormy altar of Qazlal.
  3368 | D:5      | Found a radiant altar of Vehumet.
  3369 | D:5      | Found a hazy altar of Hepliaklqana.
  3373 | D:5      | Reached skill level 7 in Unarmed Combat
  3373 | D:5      | Reached XP level 8. HP: 73/79 MP: 7/7
  3375 | D:5      | Found an opulent altar of Gozag.
  3885 | D:6      | Found a staircase to the Ecumenical Temple.
  3985 | D:5      | Reached skill level 5 in Fighting
  4043 | Temple   | Entered the Ecumenical Temple
  4064 | Temple   | Became a worshipper of the Wu Jian Council
  4456 | D:6      | Reached skill level 8 in Unarmed Combat
  5145 | D:7      | Noticed Maggie
  5262 | D:6      | Reached XP level 9. HP: 77/88 MP: 8/8
  5280 | D:7      | Killed Maggie
  5312 | D:7      | Noticed Joseph
  5322 | D:7      | Reached skill level 9 in Unarmed Combat
  5334 | D:7      | HP: 2/89 [steam dragon (5)]
  5334 | D:7      | Mangled by Joseph

Illustrated notes

Levels and vault maps discovered:
D:1:      dpeg_arrival_round_b, layout_loops_ring,
          ebering_ecumenical_altar_sacrificial
D:2:      layout_loops_ring, minmay_misc_feat_hallway, hangedman_decor_slide_cut
D:3:      layout_basic, zin_purify
D:4:      layout_basic, gup_sewer_entry_bowl, uniq_grinder
D:5:      layout_cave_pools, grunt_temple_overflow_open, kennysheep_nondescript,
          chequers_jeans, dk_vineyard_2, minivault_5
D:6:      layout_loops_corners, minmay_temple_entry_drinking_statues,
          wad_rectangle_vault
D:7:      minmay_the_grid_octo_tiled_octocenter [minmay_the_grid_octo_horde,
          minmay_the_grid_octo_checkerflower, minmay_the_grid_octo_chip,
          minmay_the_grid_octo_pinwheel,
          minmay_the_grid_octo_prize_square_snowflake,
          minmay_the_grid_square_5x5_n_small, minmay_the_grid_square_5x5_lines,
          minmay_the_grid_square_5x5_shrine2, minmay_the_grid_square_5x5_six],
          layout_cave_pools, grunt_temple_overflow_growth_and_decay, uniq_pikel,
          uniq_crazy_yiuf_cottage, uniq_joseph, uniq_maggie
Temple:   minmay_temple_bridge_abc

Skill      XL: |  1  2  3  4  5  6  7  8  9 |
---------------+----------------------------+-----
Shields        | 3 4 5 6 |  6.2
Unarmed Combat | 3 4 5 7 8 9 |  9.0
Fighting       | 3 4 5 |  5.7
Dodging        | |  2.4

Action                   |  1- 3 |  4- 6 |  7- 9 || total
-------------------------+-------+-------+-------++-------
Melee: Unarmed           |    84 |    84 |   277 ||   445
Throw: Large rock        |       |     1 |     2 ||     3
Invok: Lunge             |       |       |     5 ||     5
Evoke: Wand              |       |     2 |       ||     2
  Use: Scroll            |       |     5 |     4 ||     9
       Potion            |       |       |     3 ||     3
 Stab: Sleeping          |     1 |       |       ||     1
       Invisible         |       |     1 |       ||     1
Armor: Robe              |    21 |    19 |    51 ||    91
       Steam dragon scal |       |       |     8 ||     8
Dodge: Dodged            |    19 |    38 |    83 ||   140
Block: Kite shield       |    21 |    38 |   119 ||   178
